 Dungeon Crawl Stone Soup version 0.31-a0-217-g58bb5d79cf (webtiles) character file.

Game seed: 12720096919530212276

76 qw the Shooter (level 4, -4/26 HPs)
             Began as a Gargoyle Hexslinger on July 2, 2023.
             Slain by a goblin
             ... wielding a +0 dagger
             ... led by Robin
              (5 damage)
             ... on level 3 of the Dungeon.
             The game lasted 00:00:34 (1402 turns).

qw the Shooter (Gargoyle Hexslinger)                Turns: 1402, Time: 00:00:34

Health: -4/26      AC:  8    Str: 12    XL:     4   Next: 32%
Magic:  5/5        EV: 10    Int: 13    God:
Gold:   120        SH:  0    Dex: 14    Spells: 4/5 levels left

rFire   . . .        Y - +0 shortbow
rCold   . . .        (shield currently unavailable)
rNeg    + . .        f - +0 ring mail
rPois   inf          b - +0 hat {SInv}
rElec   +            (no cloak)
rCorr   .            (no gloves)
SInv    +            (no boots)
Will    .....        (no amulet)
Stlth   +            (no ring)
HPRegen 0.24/turn    (no ring)
MPRegen 0.09/turn

%: no passive effects
@: no status effects
A: sickness immunity, AC +3, negative energy resistance 1, electricity
resistance, torment resistance 1, petrification resistance
a: no special abilities


You were on level 3 of the Dungeon.
You visited 1 branch of the dungeon, and saw 3 of its levels.

You collected 120 gold pieces.


Innate Abilities, Weirdness & Mutations

You are immune to sickness and miasma.
Your stone body is resilient. (AC +3)
You are immune to poison.
You resist negative energy. (rN+)
You are resistant to electric shocks. (rElec)
You are resistant to unholy torment.
You are immune to petrification.


   Skills:
 - Level 2.3 Fighting
 - Level 4.0 Ranged Weapons
 + Level 0.0 Armour
 - Level 1.5 Dodging
 - Level 1.0 Spellcasting
 - Level 2.6 Hexes


You had 4 spell levels left.
You knew the following spells:

 Your Spells              Type           Power      Damage    Failure   Level
a - Slow                  Hex            28%        N/A       22%         1

Your spell library contained the following spells:

 Spells                   Type           Power      Damage    Failure   Level
 Inner Flame              Hex/Fire       4%         N/A       73%         3
 Portal Projectile        Hex/Tloc       8%         N/A       73%         3
 Cause Fear               Hex            3%         N/A       91%         4

Inventory:

Hand Weapons
 Y - a +0 shortbow (weapon)
Armour
 b - a +0 hat of see invisible (worn)
 f - a +0 ring mail (worn)
Jewellery
 l - a ring of fire
Scrolls
 c - a scroll of fear {unknown}
 d - a scroll of identify
Potions
 a - a potion of heal wounds {unknown}
 e - a potion of curing {unknown}
 g - a potion of ambrosia {unknown}
 h - a potion of might
 i - a potion of lignification {unknown}
 j - 2 potions of mutation {unknown}
 k - a potion of brilliance {unknown}
 m - a potion of enlightenment {unknown}

Dungeon Overview and Level Annotations

Branches:
Dungeon (3/15)

Altars:

Shops:
D:1 (

Annotations:
D:3 3 runed translucent doors, Robin; qw's ghost, amateur MiHs; qw's ghost, weakling GrFi


Message History

The goblin is severely wounded.
The goblin hits you but does no damage. x3; Robin barely misses you.
The goblin hits you with a +0 club.
You shoot an arrow. The arrow hits the goblin!
You kill the goblin!
The goblin barely misses you. The hobgoblin hits you.
A goblin comes into view. It is wielding a +0 dagger.
Robin misses you.
You shoot an arrow. The arrow barely misses the goblin.
The goblin closely misses you. The hobgoblin barely misses you. x2
The goblin hits you with a +0 dagger. The hobgoblin closely misses you.
Robin throws the goblin at you!
You shoot an arrow. The arrow hits the goblin.
You kill the goblin!
The hobgoblin hits you but does no damage.
The goblin misses you. The hobgoblin closely misses you.
Robin roars a battlecry!
The goblin goes into a battle-frenzy!
Your Ranged Weapons skill increases to level 4!
You shoot an arrow. The arrow barely misses the goblin.
The hobgoblin closely misses you. The goblin closely misses you.
The hobgoblin hits you.
A goblin comes into view. It is wielding a +0 club.
Robin says, "Bow before me, strongest of all the hobgoblins!"
Robin barely misses you.
You shoot an arrow. The arrow barely misses the goblin.
The goblin closely misses you. The hobgoblin barely misses you.
Robin closely misses you. The hobgoblin hits you.
The hobgoblin hits you but does no damage.
The goblin hits you but does no damage.
You shoot an arrow. The arrow hits the hobgoblin.
The hobgoblin is heavily wounded.
The goblin barely misses you.
The hobgoblin hits you but does no damage.
The goblin barely misses you. The hobgoblin misses you.
Robin throws the goblin at you!
You shoot an arrow. The arrow hits the hobgoblin.
You kill the hobgoblin!
The goblin hits you but does no damage. The goblin hits you with a +0 dagger.
You die...

# #......%..# #
....#.######.## #..##.
#.# ## #%.##.
#####.#####. #g.##.
#........... #..#
#.####.####. #g.#
.##.#..#.####.
#.###g.##..............
#....g@)..##.####.#####
#.###.#g..##.#.....##..
#.#...##.#.##..##..
#.#...##.#.##..##..
#.#...##.#.##..#...
#.#...##.#)##..##..
#.#...##.#.#.......
#.'......#...#.....
###...##.#.........


You could see Robin, a hobgoblin (strong) and 3 goblins.

Vanquished Creatures
  5 adders
  An orc (D:3)
  2 giant cockroaches (D:3)
  6 goblins
  5 hobgoblins
  6 ball pythons
  A frilled lizard (D:1)
  3 kobolds
  5 rats
34 creatures vanquished.

Notes
Turn   | Place    | Note
-------+----------+-------------------------------------------
     0 | D:1      | qw the Gargoyle Hexslinger began the quest for the Orb.
     0 | D:1      | Reached XP level 1. HP: 12/12 MP: 2/2
     0 | D:1      | 0 ||| qw: Version: 0.3-a-40-ge99b1a8
     0 | D:1      | 0 ||| qw: Game counter: 7983
     0 | D:1      | 0 ||| qw: Melee chars always use a shield: true
     0 | D:1      | 0 ||| qw: God list: Okawaru
     0 | D:1      | 0 ||| qw: Allow faded altars: false
     0 | D:1      | 0 ||| qw: Do Orc after clearing Dungeon:15 true
     0 | D:1      | 0 ||| qw: Do second Lair branch before Depths: true
     0 | D:1      | 0 ||| qw: Lair rune preference: random
     0 | D:1      | 0 ||| qw: Goals: Normal
     0 | D:1      | 0 ||| PLANNING D:1-11
    25 | D:1      | 25 ||| SWAPPING to +0 shortbow.
    26 | D:1      | 26 ||| DROPPING +1 sling.
   282 | D:1      | Reached XP level 2. HP: 16/16 MP: 3/3
   309 | D:1      | Found Vaduaphu's Weapon Boutique.
   408 | D:1      | 408 ||| UPGRADING to +0 ring mail.
   418 | D:1      | 418 ||| DROPPING +0 robe.
   419 | D:1      | 419 ||| READING 2 scrolls labelled AMITAWN EMASTRU.
   420 | D:1      | 420 ||| READING scroll labelled AHUISAGIAW.
   433 | D:1      | 433 ||| DROPPING scroll of poison.
   465 | D:2      | Reached skill level 3 in Ranged Weapons
   615 | D:2      | Reached XP level 3. HP: 16/21 MP: 4/4
   748 | D:2      | Identified the +9 dagger of Sozirhan {drain, rF+}
  1035 | D:2      | 1035 ||| READING scroll labelled SIEDDUJISK.
  1035 | D:2      | Identified a scroll of acquirement
  1035 | D:2      | 1035 ||| ACQUIRING +0 hat of see invisible
  1035 | D:2      | Acquired a +0 hat of see invisible
  1037 | D:2      | 1037 ||| UPGRADING to +0 hat of see invisible.
  1042 | D:2      | 1042 ||| READING scroll labelled FYPLUO HYIHYGG.
  1046 | D:2      | 1046 ||| READING scroll labelled RYCAOD JYPUY.
  1085 | D:3      | Reached XP level 4. HP: 24/26 MP: 5/5
  1125 | D:3      | Found a runed translucent gate.
  1125 | D:3      | Found a runed translucent gate.
  1125 | D:3      | Found a runed translucent gate.
  1128 | D:3      | Noticed qw's ghost (weakling GrFi)
  1128 | D:3      | Noticed qw's ghost (amateur MiHs)
  1386 | D:3      | Noticed Robin
  1399 | D:3      | Reached skill level 4 in Ranged Weapons
  1399 | D:3      | HP: 6/26 [hobgoblin[Robin] (1)]
  1400 | D:3      | HP: 1/26 [hobgoblin[Robin] (6)]
  1402 | D:3      | Slain by a goblin

Levels and vault maps discovered:
D:1:      mrwooster_arrival_statue, layout_basic, serial_shops, shop
D:2:      layout_basic
D:3:      layout_basic, gammafunk_ghost_cemetery, uniq_crazy_yiuf_cottage,
          uniq_robin

Skill      XL: |  1  2  3  4 |
---------------+-------------+-----
Ranged Weapons | 3 4 |  4.0
Fighting       | 2 |  2.3
Dodging        | |  1.5
Spellcasting   | |  1.0
Hexes          | |  2.6

Action                     |  1- 3 |  4- 6 || total
---------------------------+-------+-------++-------
   Fire: Shortbow          |    88 |    41 ||   129
    Use: Scroll            |     5 |       ||     5
 Armour: Robe              |     6 |       ||     6
         Ring mail         |    29 |    20 ||    49
  Dodge: Dodged            |    47 |    22 ||    69

Table legend:
 A = Non-vault XP
 B = Vault XP
 C = Vault XP percentage of total XP
 D = Non-vault monster count
 E = Vault monster count
 F = Vault count percentage of total count
                 A         B        C        D         E       F
            +---------+---------+-------+---------+---------+-------
      Total |      99 |      12 |  10.8 |      28 |       6 |  17.6
            +---------+---------+-------+---------+---------+-------
        D:1 |      11 |       0 |   0.0 |       9 |       0 |   0.0
        D:2 |      48 |       0 |   0.0 |       9 |       0 |   0.0
        D:3 |      40 |      12 |  23.1 |      10 |       6 |  37.5
            +---------+---------+-------+---------+---------+-------
